Map: Blackpink LE

Players

Retalhador - Winner!

  • Race: Protoss Protoss
  • League: Silver
  • Spawn Location: 7:00

IagoAbreu

  • Race: Terran Terran
  • Spawn Location: 1:00

VOD

Have the link to the VOD?

Description

Time

  • Played on: Feb. 23, 2018, 4:05 p.m.
  • Length: 14:55
Show
View Real Time Build Order
Export as new Build Order

Retalhador Protoss - Winner!

Build Orders: Oracle Opening 

Get SALT Encoding   

  12  0:01  Probe  
  13  0:14  Pylon  
  13  0:18  Probe (Chrono Boost)  
  14  0:28  Probe (Chrono Boost)  
  15  0:32  Probe (Chrono Boost)  
  16  0:41  Gateway  
  16  0:44  Probe  
  17  0:50  Assimilator  
  17  0:56  Probe  
  18  1:08  Probe  
  19  1:20  Probe  
  21  1:32  Probe  
  21  1:44  Probe  
  22  1:53  Pylon  
  22  1:55  Cybernetics Core  
  22  1:57  Probe  
  22  1:58  Assimilator  
  23  2:08  Nexus  
  23  2:11  Probe  
  23  2:12  Pylon  
  24  2:23  Probe  
  25  2:35  Probe  
  26  2:39  Stargate  
  26  2:48  Stargate  
  26  2:56  Probe  
  27  3:00  Assimilator  
  27  3:02  Assimilator  
  27  3:14  Probe  
  27  3:15  Pylon  
  28  3:26  Probe  
  29  3:28  Forge  
  29  3:31  Probe  
  30  3:38  Probe  
  31  3:43  Probe (Chrono Boost)  
  32  3:55  Probe x2 (Chrono Boost)  
  34  3:57  Oracle x2  
  34  4:02  Probe (Chrono Boost)  
  42  4:04  Probe (Chrono Boost)  
  42  4:06  Protoss Air Weapons Level 1  
  42  4:09  Probe  
  42  4:10  Protoss Shields Level 1  
  42  4:14  Probe  
  44  4:21  Probe  
  45  4:27  Probe  
  45  4:30  Stargate  
  46  4:33  Probe  
  47  4:41  Void Ray  
  51  4:52  Void Ray  
  55  5:25  Void Ray  
  56  5:35  Void Ray  
  50  6:12  Protoss Air Armor Level 1  
  44  6:27  Void Ray  
  48  6:35  Void Ray  
  52  6:42  Probe  
  53  6:52  Probe  
  54  6:54  Probe  
  55  7:04  Void Ray, Probe  
  55  7:06  Probe  
  61  7:16  Probe  
  61  7:21  Nexus  
  61  7:22  Pylon  
  62  7:25  Pylon x2  
  62  7:29  Pylon  
  62  7:36  Fleet Beacon  
  62  7:38  Stargate  
  62  7:40  Probe  
  62  7:43  Assimilator  
  63  7:47  Assimilator  
  63  7:52  Probe  
  63  7:57  Void Ray  
  68  8:03  Void Ray  
  68  8:05  Probe  
  73  8:18  Probe (Chrono Boost)  
  75  8:21  Probe (Chrono Boost)  
  76  8:28  Probe (Chrono Boost)  
  76  8:29  Protoss Air Weapons Level 2  
  76  8:31  Probe (Chrono Boost)  
  76  8:33  Void Ray  
  76  8:34  Probe (Chrono Boost)  
  81  8:40  Probe (Chrono Boost)  
  84  8:46  Probe (Chrono Boost)  
  85  8:50  Probe x2 (Chrono Boost)  
  85  8:54  Probe (Chrono Boost)  
  85  8:55  Probe (Chrono Boost)  
  87  8:56  Probe  
  87  9:05  Probe  
  87  9:07  Probe  
  89  9:19  Probe  
  90  9:28  Robotics Facility  
  90  9:30  Stargate  
  90  9:33  Pylon  
  90  9:36  Pylon  
  90  9:42  Pylon  
  90  9:45  Pylon  
  90  9:46  Probe (Chrono Boost)  
  90  9:49  Pylon  
  91  9:52  Cybernetics Core  
  91  9:55  Probe (Chrono Boost)  
  91  9:57  Twilight Council  
  87  10:00  Probe (Chrono Boost)  
  88  10:12  Probe  
  86  10:24  Probe  
  86  10:25  Observer  
  86  10:27  Protoss Air Armor Level 2  
  88  10:30  Void Ray x3  
  88  10:34  Void Ray x2  
  108  10:36  Protoss Shields Level 2 (Chrono Boost)  
  108  10:52  Mothership  
  116  11:15  Robotics Bay  
  116  11:31  Pylon  
  105  12:43  Void Ray x3  
  115  13:05  Void Ray x2  
  123  13:17  Observer Gravitic Boosters  
  123  13:20  Probe  
  124  13:32  Probe  
  124  13:33  Probe  
  126  13:35  Probe  
  127  13:44  Probe  
  127  13:45  Probe  
  127  13:47  Probe  
  130  13:56  Probe  
  130  13:57  Probe  
  130  13:59  Probe  
  133  14:11  Probe  
Show
View Real Time Build Order
Export as new Build Order

IagoAbreu Terran 

Build Orders:  

Get SALT Encoding   

  12  0:01  SCV  
  13  0:13  SCV  
  14  0:19  Supply Depot  
  14  0:25  SCV  
  15  0:31  Supply Depot  
  15  0:48  SCV  
  16  0:52  Barracks  
  16  1:07  SCV, Refinery  
  17  1:15  Engineering Bay  
  17  1:30  Barracks  
  17  1:50  Orbital Command  
  17  2:05  Refinery  
  17  2:18  Command Center  
  17  2:28  SCV  
  18  2:33  Barracks Reactor  
  18  2:35  Barracks Tech Lab  
  18  2:40  SCV  
  19  2:52  SCV  
  19  2:56  Sensor Tower  
  20  3:16  Reaper x2  
  22  3:39  SCV  
  23  3:46  Orbital Command  
  23  3:50  Reaper x2  
  23  3:51  SCV  
  23  3:52  Marauder  
  23  3:55  Terran Infantry Weapons Level 1  
  28  4:06  SCV  
  29  4:14  SCV, Marauder  
  32  4:18  SCV  
  33  4:26  SCV  
  34  4:38  SCV  
  35  5:00  SCV  
  35  5:03  Marine x2  
  35  5:06  Marauder  
  39  5:13  SCV  
  33  5:21  Marine x2  
  25  5:25  SCV  
  25  5:28  Marauder  
  23  5:37  SCV  
  23  5:39  Marine x2  
  24  5:49  SCV, Marauder  
  27  5:56  Marine  
  27  5:57  Marine  
  28  6:11  Marauder  
  24  6:26  Marine  
  24  6:27  Marine  
  24  6:31  SCV  
  24  6:32  Marauder  
  29  6:43  SCV  
  29  6:44  Marine x2  
  29  6:45  SCV  
  33  6:51  Factory  
  33  6:53  Marauder  
  35  6:55  SCV, Factory  
  35  6:57  SCV  
  37  7:02  Marine x2  
  37  7:08  SCV  
  40  7:09  SCV  
  40  7:15  Marauder  
  43  7:20  SCV, Marine x2  
  46  7:29  SCV  
  47  7:32  SCV  
  47  7:36  Marauder  
  50  7:38  Supply Depot  
  50  7:42  SCV, Widow Mine  
  50  7:44  SCV, Supply Depot  
  54  7:47  Factory Tech Lab  
  54  8:00  SCV x2  
  54  8:03  Widow Mine, Supply Depot  
  58  8:11  Siege Tank  
  58  8:12  SCV x2  
  63  8:18  Refinery  
  63  8:24  SCV x2  
  63  8:26  Marine x2  
  69  8:36  SCV x2  
  69  8:39  Terran Infantry Armor Level 1  
  69  8:44  Marine x2  
  71  8:48  SCV x2  
  73  9:00  SCV x2  
  73  9:02  Marine x2  
  77  9:13  SCV  
  77  9:16  Widow Mine  
  78  9:20  Marine x2  
  80  9:25  SCV  
  80  9:26  Refinery  
  80  9:31  Supply Depot  
  81  9:32  SCV  
  81  9:37  Widow Mine  
  80  10:31  Factory Reactor  
  80  10:36  Armory  
  80  10:39  Starport  
  78  10:58  Marine x2  
  80  11:08  Barracks Reactor  
  80  11:15  Marine  
  80  11:16  Marine  
  82  11:33  Marine x2  
  77  11:51  Marine x2  
  50  11:57  Liberator x2  
  37  12:16  Refinery  
  37  12:33  Terran Ship Weapons Level 1  
  37  12:38  Starport  
  37  12:40  Liberator x2  
  38  13:16  Marine x2  
  38  13:17  Marine x2  
  41  13:21  Command Center  
  41  13:27  Starport Reactor  
  41  13:33  Marine  
  41  13:34  Marine  
  42  13:35  Marine x2  
  51  13:51  Marine x2  
  51  13:52  Marine  
  51  13:53  Marine  
  41  14:09  Marine x2  
  37  14:10  Marine x2  
Tags
 
Add a new tag
Caveats
  • Supply blocks, unpowered buildings, or Contaminate may cause inaccurate times.
  • Supply counts are checked every 10 seconds.